 Dungeon Crawl Stone Soup version 0.29.1-1-gd02db6906a (webtiles) character file.

Game seed: 14051365978817811227

1091 hawla the Jinx (level 8, 0/93 HPs)
             Began as a Meteoran Wanderer on Oct 6, 2022.
             Was an Initiate of Ashenzari.
             Killed from afar by Dowan (7 damage)
             ... with a puff of frost
             ... on level 6 of the Dungeon.
             The game lasted 00:17:22 (3356 turns).

hawla the Jinx (Meteoran Wanderer)                  Turns: 3356, Time: 00:17:23

Health: 0/93       AC:  7    Str: 11    XL:     8   Next: 87%
Magic:  11/11      EV: 14    Int: 15    God:    Ashenzari [......]
Gold:   423        SH:  0    Dex: 17    Spells: 3/9 levels left

rFire   . . .      SeeInvis +   a - +3 quarterstaff
rCold   . . .      Faith    .   (shield currently unavailable)
rNeg    . . .      Spirit   .   d - +0 robe
rPois   .          Reflect  .   o - +2 helmet "Bound Together" {SInv, Fort, Bglg} (curse)
rElec   .          Harm     .   (no cloak)
rCorr   .          Rampage  .   c - +0 pair of gloves
Will    +....                   k - +0 pair of boots
Stlth   ..........              (no amulet)
HPRegen 0.25/turn               (no ring)
MPRegen 0.12/turn               (no ring)

@: berserking, glowing, very quick
A: sense surroundings 1, otherworldly, glowing, explore regen
a: Renounce Religion, Curse Item, Shatter the Chains


You were on level 6 of the Dungeon.
You worshipped Ashenzari.
Ashenzari was noncommittal.
You visited 2 branches of the dungeon, and saw 8 of its levels.

You collected 423 gold pieces.

Inventory:

Hand Weapons
 a - a +3 quarterstaff (weapon)
 b - a +0 falchion
 f - a +1 short sword of holy wrath
 v - a +1 rapier of protection
Armour
 c - a +0 pair of gloves (worn)
 d - a +0 robe (worn)
 k - a +0 pair of boots (worn)
 o - the cursed +2 helmet "Bound Together" (worn) {SInv, Fort, Bglg}
   (You found it on level 3 of the Dungeon)

   It has a curse which improves the following skills: Fortitude: Armour and
   Shields.
   Beguiling: Conjurations, Hexes and Translocations.
Magical Staves
 t - a staff of earth
Wands
 p - a wand of flame (9)
 w - a wand of digging (8)
Scrolls
 h - a scroll of teleportation
 j - 2 scrolls of identify
 m - a scroll of enchant weapon
 n - a scroll of summoning {unknown}
Potions
 e - a potion of ambrosia
 g - 4 potions of berserk rage
 l - a potion of flight
 q - a potion of degeneration {unknown}
 r - 3 potions of brilliance {unknown}
 s - a potion of mutation {unknown}


   Skills:
 - Level 2.8 Fighting
 - Level 1.2 Long Blades
 - Level 5.2 Staves
 - Level 4.2 Dodging
 - Level 1.3 Spellcasting
 * Level 8.2(8.7) Hexes
 - Level 2.7 Transmutations
 + Level 5.0 Earth Magic


You had 3 spell levels left.
You knew the following spells:

 Your Spells              Type           Power      Damage    Failure   Level
a - Passwall              Tmut/Erth      10%        N/A       8%          2
b - Leda's Liquefaction   Hex/Erth       10%        N/A       14%         4

Your spell library contained the following spells:

 Spells                   Type           Power      Damage    Failure   Level
 Ensorcelled Hibernation  Hex/Ice        28%        N/A       6%          2
 Portal Projectile        Hex/Tloc       28%        N/A       12%         3
 Poisonous Vapours        Pois/Air       2%         N/A       34%         2
 Call Canine Familiar     Summ           1%         N/A       56%         3
 Swiftness                Air            1%         N/A       56%         3
 Alistair's Intoxication  Tmut/Pois      3%         N/A       98%         5
 Fire Storm               Conj/Fire      0%         6d1       100%        9


Dungeon Overview and Level Annotations

Branches:
Dungeon (7/15) Zot: 866    Temple (1/1) D:4 Zot: 555

Altars:
Ashenzari
Cheibriados
Dithmenos
Elyvilon
Fedhas
Gozag
Hepliaklqana
Kikubaaqudgha
Nemelex Xobeh
Qazlal
Ru
Sif Muna
Trog
Uskayaw
Vehumet
Wu Jian
Xom
Yredelemnul
Zin
The Shining One

Shops:
D:4 :

Annotations:
D:6 Dowan, Duvessa


Innate Abilities, Weirdness & Mutations

You passively map a small area around you.
You are easily found by Zot.
You glow in the dark.
You regain HP and MP as you explore.


Message History

Duvessa hits you but does no damage.
You hit the necrophage.
You destroy the necrophage!
Duvessa hits you but does no damage.
Your life force feels restored.
Your Earth Magic skill increases to level 5!
Dowan mumbles some strange words.
Dowan blinks!
Duvessa barely misses you.
You see here a necrophage corpse.
Duvessa attacks as you move away! Duvessa hits you with a +0 rapier.
* * * LOW HITPOINT WARNING * * *
You feel better. Duvessa hits you with a +0 rapier.
* * * LOW HITPOINT WARNING * * *
Dowan mumbles some strange words.
Dowan blinks!
Duvessa hits you with a +0 rapier.
* * * LOW HITPOINT WARNING * * *
A red film seems to cover your vision as you go berserk!
You feel yourself moving faster!
You feel mighty!
You sock Duvessa!
Duvessa is severely wounded.
Duvessa hits you with a +0 rapier.
* * * LOW HITPOINT WARNING * * *
Dowan hits you with a +0 dagger.
* * * LOW HITPOINT WARNING * * *
You completely miss Duvessa.
Duvessa is severely wounded.
Duvessa hits you with a +0 rapier.
* * * LOW HITPOINT WARNING * * *
You sock Dowan!
Dowan is heavily wounded.
Duvessa hits you with a +0 rapier.
* * * LOW HITPOINT WARNING * * *
Dowan misses you.
You barely miss Dowan.
Dowan is heavily wounded.
Duvessa hits you with a +0 rapier.
* * * LOW HITPOINT WARNING * * *
Dowan points at you and mumbles some strange words.
The puff of frost hits you!
You die...

, , , , , ,
, , , # ,
** ,, * .#
, ,, , ..#
, , , *
.... , *
...# ,* , *
#####....#
, *
*###ee>..#
,
*#..@#####,
* ......###
..... ,*
.... * * *
... , .. #


You could see Duvessa (fast) and Dowan.

Vanquished Creatures
  A wyvern (D:7)
  A water moccasin (D:7)
  An ice beast (D:5)
  An ogre (D:4)
  3 necrophages
  2 howler monkeys (D:7)
  A jelly (D:5)
  2 hounds
  4 iguanas
  2 orc wizards (D:3)
  5 adders
  An ufetubus (D:4)
  4 dart slugs
  16 orcs
  9 ball pythons
  6 endoplasms
  6 giant cockroaches
  5 goblins
  10 hobgoblins
  6 jackals
  11 kobolds
  9 bats
  3 frilled lizards
  5 rats
114 creatures vanquished.

Notes
Turn   | Place    | Note
-------+----------+-------------------------------------------
     0 | D:1      | hawla the Meteoran Wanderer began the quest for the Orb.
     0 | D:1      | hawla set off with the following items: a +2 quarterstaff,
                  | a +0 falchion, a +0 pair of gloves, a +0 robe.
     0 | D:1      | Reached XP level 1. HP: 17/17 MP: 3/3
    22 | D:1      | You fall into a shaft and drop 1 floor!
    50 | D:2      | Reached XP level 2. HP: 24/24 MP: 5/5
   150 | D:2      | Reached XP level 3. HP: 29/29 MP: 6/6
   420 | D:1      | Reached XP level 4. HP: 37/37 MP: 7/7
   507 | D:1      | Learned a level 2 spell: Passwall
   994 | D:2      | Reached skill level 1 in Transmutations
   994 | D:2      | Reached skill level 1 in Earth Magic
  1093 | D:2      | Glimpsed the power of Zot.
  1116 | D:3      | Found a shadowy altar of Dithmenos.
  1186 | D:3      | Reached XP level 5. HP: 44/44 MP: 8/8
  1440 | D:3      | Reached XP level 6. HP: 40/50 MP: 9/9
  1691 | D:3      | Glimpsed the power of Zot.
  1737 | D:4      | Reached skill level 5 in Staves
  1743 | D:4      | Noticed an ogre
  1868 | D:4      | Learned a level 4 spell: Leda's Liquefaction
  1932 | D:4      | Reached skill level 1 in Hexes
  1957 | D:4      | Reached skill level 2 in Hexes
  1989 | D:4      | Found a staircase to the Ecumenical Temple.
  2016 | D:4      | Found Niol's Book Shop.
  2064 | Temple   | Entered the Ecumenical Temple
  2103 | Temple   | Became a worshipper of Ashenzari the Shackled
  2156 | D:5      | Entered Level 5 of the Dungeon
  2282 | D:4      | Found a basalt altar of Yredelemnul.
  2365 | D:4      | Killed an ogre
  2366 | D:4      | Reached skill level 3 in Hexes
  2366 | D:4      | Reached XP level 7. HP: 41/56 MP: 10/10
  2429 | D:5      | Reached skill level 4 in Hexes
  2539 | D:5      | Reached skill level 5 in Hexes
  2640 | D:5      | Reached XP level 8. HP: 48/62 MP: 11/11
  2655 | D:5      | Got Sif Muna's Reference Book on the Intoxicating
                  | Pyromaniac
  2819 | D:5      | Reached skill level 6 in Hexes
  2865 | D:5      | Found a hazy altar of Hepliaklqana.
  2930 | D:5      | Glimpsed the power of Zot.
  2947 | D:5      | Found a radiant altar of Vehumet.
  2981 | D:5      | Glimpsed the power of Zot.
  3021 | D:5      | Glimpsed the power of Zot.
  3078 | D:7      | Noticed a hornet
  3081 | D:7      | Paralysed by a hornet for 2 turns
  3099 | D:7      | Reached skill level 7 in Hexes
  3100 | D:7      | HP: 4/93 [poisoned by a water moccasin]
  3102 | D:7      | Found a glowing silver altar of Zin.
  3102 | D:7      | Noticed a wyvern
  3163 | D:7      | Killed a wyvern
  3278 | D:7      | Reached skill level 8 in Hexes
  3322 | D:7      | Noticed Duvessa
  3322 | D:7      | Noticed Dowan
  3349 | D:6      | Reached skill level 5 in Earth Magic
  3356 | D:6      | Killed from afar by Dowan

Illustrated notes

Levels and vault maps discovered:
D:1:      dpeg_arrival_rooms_c, layout_basic, minmay_pentomino_p4
D:2:      minmay_spotlight, layout_rooms, chequers_ecumenical_altar_grove,
          minmay_3d_cube, uniq_natasha
D:3:      layout_basic, grunt_dithmenos_smoke_and_mirrors, minmay_diced_spiral
D:4:      layout_cave_pools, mainiacjoe_overflow_catwalk, temple_fountains,
          serial_shops, shop
D:5:      layout_layer_cave, vehumet_altar_wand_db, amcnicky_altar_gilded,
          chequers_big_river, kennysheep_generic_room_11, uniq_pikel,
          uniq_menkaure, uniq_edmund
D:6:      layout_rooms, ebering_ghost_xom
D:7:      layout_loops_ring, kennysheep_little_box,
          mainiacjoe_overflow_surrounded_room, hangedman_glass_teeth,
          uniq_duvessa
Temple:   hellmonk_temple_of_storms

Skill      XL: |  1  2  3  4  5  6  7  8 |
---------------+-------------------------+-----
Dodging        | 4 |  4.2
Staves         | 4 5 |  5.2
Transmutations | 1 2 |  2.7
Earth Magic    | 1 2 3 5 |  5.0
Hexes          | 3 5 8 |  8.2
Fighting       | |  2.8
Long Blades    | |  1.2
Spellcasting   | |  1.3

Action                   |  1- 3 |  4- 6 |  7- 9 || total
-------------------------+-------+-------+-------++-------
Melee: Quarterstaff      |    46 |   152 |    91 ||   289
       Staff             |       |    20 |    98 ||   118
       Punch             |       |       |     3 ||     3
 Cast: Passwall          |       |     1 |       ||     1
       Leda's Liquefacti |       |       |     5 ||     5
Invok: Curse Item        |       |       |     1 ||     1
  Use: Scroll            |       |    10 |     5 ||    15
       Potion            |       |     2 |     5 ||     7
Armor: Robe              |    11 |    72 |    54 ||   137
Dodge: Dodged            |    18 |   116 |   107 ||   241
